 Dungeon Crawl Stone Soup version 0.30-a0-996-ga6910c8ee8 (webtiles) character file.

Game seed: 4512841336385715297

1505179 PaperRat the Talismancer (level 25, 146/146 HPs)
             Began as a Spriggan Hedge Wizard on Apr 4, 2023.
             Was the Champion of Ashenzari.
             Escaped with the Orb
             ... and 3 runes on Apr 5, 2023!
             The game lasted 05:47:35 (82866 turns).

PaperRat the Talismancer (Spriggan Hedge Wizard)   Turns: 82866, Time: 05:47:36

Health: 146/146    AC: 17    Str: 10    XL:     25   Next: 50%
Magic:  57/57      EV: 36    Int: 33    God:    Ashenzari [******]
Gold:   2367       SH: 10    Dex: 20    Spells: 4/73 levels left

rFire   + . .      SeeInvis +    a - +5 dagger "Atheism of Ashenzari" {elec, Alch, Fort} (curse)
rCold   . . .      Faith    .    v - +3 buckler of Panopticon {rN+, Elem, Self} (curse)
rNeg    + . .      Spirit   +    J - +4 moon troll leather armour {Spirit, Regen++ MP+5, Bglg, Cun} (curse)
rPois   +          Reflect  .    m - +1 hat of Ashenzari's Regret {Contam Regen+ Int+8, Range, Self} (curse)
rElec   +          Rampage  .    x - +2 cloak of Ashenzari's Gnosis {Comp, Self} (curse)
rCorr   .          Clarity  +    (gloves unavailable)
Will    ++++.                    (boots unavailable)
Stlth   +++                      e - amulet "Bound Adversity" {RegenMP, Alch, Evo} (curse)
HPRegen 2.84/turn                I - ring of Supernal Wisdom {Contam Fly rPois rF+, Elem, Alch} (curse)
MPRegen 0.75/turn                K - ring "Shattered Apathy" {rElec AC+4 Str+4 Dex+3, Self, Melee} (curse)

@: flying, very quick
A: very small, no large weapons, unfitting armour, see invisible, speed 3
0: Orb of Zot
}: 3/15 runes: serpentine, barnacled, slimy
a: Renounce Religion, Shatter the Chains


You escaped.
You worshipped Ashenzari.
Ashenzari was exalted by your worship.
You visited 11 branches of the dungeon, and saw 52 of its levels.
You visited 1 bazaar.

You collected 8491 gold pieces.
You spent 6124 gold pieces at shops.

Inventory:

Hand Weapons
 a - the cursed +5 dagger "Atheism of Ashenzari" (weapon) {elec, Alch, Fort}
   (You took it off an orc on level 2 of the Orcish Mines)

   It has a curse which improves the following skills: Alchemy: Poison Magic and
   Transmutations.
   Fortitude: Armour and Shields.
 X - a +5 dagger of chaos
Missiles
 U - 10 curare-tipped darts (quivered)
 V - a throwing net {!f}
Armour
 m - the cursed +1 hat of Ashenzari's Regret (worn) {Contam Regen+ Int+8, Range, Self}
   (You acquired it on level 5 of the Pits of Slime)

   Int:       It affects your intelligence (+8).
   Contam:    It causes magical contamination when unequipped.
   Regen:     It increases your rate of health regeneration.
   It has a curse which improves the following skills: Ranged Combat: Ranged
   Weapons and Throwing.
   Introspection: Fighting and Spellcasting.
 v - the cursed +3 buckler of Panopticon (worn) {rN+, Elem, Self}
   (You took it off a tengu warrior on level 2 of the Depths)

   It has a curse which improves the following skills: Elements: Fire Magic, Ice
   Magic, Air Magic and Earth Magic.
   Introspection: Fighting and Spellcasting.
 x - the cursed +2 cloak of Ashenzari's Gnosis (worn) {Comp, Self}
   (You took it off Crazy Yiuf on level 3 of the Dungeon)

   It has a curse which improves the following skills: Companions: Summonings
   and Necromancy.
   Introspection: Fighting and Spellcasting.
 J - the cursed +4 moon troll leather armour (worn) {Spirit, Regen++ MP+5, Bglg, Cun}
   (You bought it in a shop on level 2 of the Vaults)

   MP:        It affects your magic capacity (+5).
   Regen:     It increases your rate of health regeneration.
   It has a curse which improves the following skills: Beguiling: Conjurations,
   Hexes and Translocations.
   Cunning:   Dodging and Stealth.
Jewellery
 e - the cursed amulet "Bound Adversity" (around neck) {RegenMP, Alch, Evo}
   (You found it on level 8 of the Dungeon)

   [amulet of magic regeneration]

   It increases your rate of magic regeneration.
   It has a curse which improves the following skills: Alchemy: Poison Magic and
   Transmutations.
   Evocations: Evocations.
 t - the ring of Bozerghu {rPois rN+ Stlth+}
   (You took it off a deep elf sorcerer on level 3 of the Elven Halls)

   [ring of positive energy]

   rPois:     It protects you from poison.
   rN:        It protects you from negative energy.
   Stlth:     It makes you more stealthy.
 D - a ring of resist corrosion
 I - the cursed ring of Supernal Wisdom (left hand) {Contam Fly rPois rF+, Elem, Alch}
   (You found it on level 5 of the Pits of Slime)

   [ring of flight]

   rF:        It protects you from fire.
   rPois:     It protects you from poison.
   Fly:       It grants you flight.
   Contam:    It causes magical contamination when unequipped.
   It has a curse which improves the following skills: Elements: Fire Magic, Ice
   Magic, Air Magic and Earth Magic.
   Alchemy:   Poison Magic and Transmutations.
 K - the cursed ring "Shattered Apathy" (right hand) {rElec AC+4 Str+4 Dex+3, Self, Melee}
   (You found it on level 5 of the Pits of Slime)

   [ring of protection]

   AC:        It affects your AC (+4).
   Str:       It affects your strength (+4).
   Dex:       It affects your dexterity (+3).
   rElec:     It insulates you from electricity.
   It has a curse which improves the following skills: Introspection: Fighting
   and Spellcasting.
   Melee Combat: Short Blades, Long Blades, Axes, Maces & Flails, Polearms,
   Staves and Unarmed Combat.
 W - a ring of protection from fire
Wands
 b - a wand of roots (26)
 c - a wand of acid (49)
 d - a wand of digging (3)
 n - a wand of paralysis (16)
 z - a wand of mindburst (14)
Scrolls
 h - 15 scrolls of fog {@r2}
 j - 5 scrolls of immolation
 k - 23 scrolls of teleportation {@r3}
 l - 4 scrolls of blinking {@r5}
 p - 9 scrolls of magic mapping
 u - 5 scrolls of butterflies
 B - 6 scrolls of enchant armour
 C - 10 scrolls of vulnerability
 E - 2 scrolls of amnesia
 G - 5 scrolls of fear {@r4}
 L - 8 scrolls of poison
 P - 8 scrolls of enchant weapon
Potions
 g - 11 potions of might {@q3}
 o - 4 potions of resistance
 r - 6 potions of brilliance {@q5}
 y - 17 potions of curing {@q1}
 A - 3 potions of haste {@q4}
 H - 3 potions of invisibility
 N - a potion of cancellation
 O - 8 potions of mutation {@q6}
 R - 4 potions of magic
 S - 6 potions of ambrosia
 Y - 8 potions of heal wounds {@q2}
 Z - 7 potions of lignification
Miscellaneous
 f - a condenser vane
 q - a phantom mirror
 s - a tin of tremorstones (2/2)
 w - a phial of floods
 Q - a box of beasts


   Skills:
 + Level 13.9(19.6) Fighting
 - Level 6.3(8.8) Short Blades
 - Level 4.0(6.2) Armour
 + Level 21.4(23.6) Dodging
 + Level 20.2(22.3) Stealth
 - Level 6.7(9.2) Shields
 + Level 19.4(24.8) Spellcasting
 - Level 2.1(4.0) Conjurations
 - Level 19.6(21.7) Hexes
 - Level 5.8(8.3) Summonings
 - Level 8.8(11.3) Translocations
 - Level 11.5(16.2) Transmutations
 - Level 1.0(3.0) Ice Magic
 - Level 19.4(22.7) Air Magic
 - Level 6.3(10.0) Earth Magic
 - Level 4.0(8.2) Poison Magic
 O Level 27 Evocations


You had 4 spell levels left.
You knew the following spells:

 Your Spells              Type           Power      Damage    Failure   Level
a - Enfeeble              Hex            55%        N/A       1%          7
b - Confusing Touch       Hex            100%       N/A       0%          3
c - Summon Mana Viper     Hex/Summ       96%        N/A       1%          5
d - Discord               Hex            55%        N/A       1%          8
e - Magic Dart            Conj           100%       1d8       1%          1
f - Fulminant Prism       Conj/Hex       45%        3d21      1%          4
g - Passwall              Tmut/Erth      75%        N/A       0%          2
h - Lee's Rapid Deconstr  Erth           41%        3d20*     1%          5
i - Iskenderun's Mystic   Conj/Tloc      75%        2d15      1%          4
q - Irradiate             Conj/Tmut      41%        3d25      1%          5
s - Maxwell's Capacitive  Air            56%        ∞         1%          8
v - Summon Forest         Summ/Tloc      40%        N/A       1%          5
w - Storm Form            Tmut/Air       53%        N/A       1%          7
x - Yara's Violent Unrav  Hex/Tmut       52%        3d20      0%          5

Your spell library contained the following spells:

 Spells                   Type           Power      Damage    Failure   Level
 Apportation              Tloc           100%       N/A       0%          1
 Shock                    Conj/Air       100%       1d9       0%          1
 Slow                     Hex            100%       N/A       0%          1
 Ensorcelled Hibernation  Hex/Ice        100%       N/A       0%          2
 Poisonous Vapours        Pois/Air       100%       N/A       0%          2
 Static Discharge         Conj/Air       100%       2-7/arc   0%          2
 Wereblood                Tmut           99%        N/A       0%          2
 Portal Projectile        Hex/Tloc       100%       N/A       0%          3
 Summon Guardian Golem    Hex/Summ       96%        N/A       0%          3
 Swiftness                Air            100%       N/A       0%          3
 Tukima's Dance           Hex            100%       N/A       0%          3
 Vhi's Electric Charge    Tloc/Air       100%       N/A       0%          3
 Airstrike                Air            56%        2d(9-25)  0%          4
 Cause Fear               Hex            55%        N/A       0%          4
 Kiss of Death            Conj/Necr      100%       2d13      1%          1
 Necrotise                Necr           100%       1d9       1%          1
 Sandblast                Erth           100%       2d20      1%          1
 Blink                    Tloc           100%       N/A       1%          2
 Call Imp                 Summ           77%        N/A       1%          2
 Cigotuvi's Dreadful Rot  Necr/Pois/Air  100%       N/A       1%          2
 Lesser Beckoning         Tloc           100%       N/A       1%          2
 Momentum Strike          Conj/Tloc      100%       3d10      1%          2
 Sublimation of Blood     Necr           43%        N/A       1%          2
 Call Canine Familiar     Summ           77%        N/A       1%          3
 Dazzling Flash           Conj/Hex       100%       N/A       1%          3
 Inner Flame              Hex/Fire       85%        N/A       1%          3
 Kindle Blastsparks       Fire/Tloc/Air  100%       2d18      1%          3
 Mephitic Cloud           Conj/Pois/Air  87%        N/A       1%          3
 Stone Arrow              Conj/Erth      100%       3d13      1%          3
 Anguish                  Hex/Necr       42%        N/A       1%          4
 Leda's Liquefaction      Hex/Erth       49%        N/A       1%          4
 Manifold Assault         Tloc           86%        N/A       1%          4
 Passage of Golubria      Tloc           86%        N/A       1%          4
 Petrify                  Tmut/Erth      91%        N/A       1%          4
 Summon Ice Beast         Ice/Summ       67%        N/A       1%          4
 Summon Lightning Spire   Summ/Air       97%        N/A       1%          4
 Vampiric Draining        Necr           43%        2d9       3%          3
 Dispel Undead            Necr           43%        3d17      12%         4
 Silence                  Hex/Air        56%        N/A       0%          5
 Alistair's Intoxication  Tmut/Pois      59%        N/A       1%          5
 Arcjolt                  Conj/Air       46%        1d56      1%          5
 Blade Hands              Tmut           49%        N/A       1%          5
 Conjure Ball Lightning   Conj/Air       46%        3x3d16    1%          6
 Eringya's Noxious Bog    Tmut/Pois      44%        N/A       1%          6
 Statue Form              Tmut/Erth      60%        N/A       1%          6
 Borgnjor's Vile Clutch   Necr/Erth      33%        N/A       4%          5
 Summon Cactus Giant      Summ           38%        N/A       7%          6
 Iskenderun's Battlesphe  Conj           61%        2d11      8%          5
 Iron Shot                Conj/Erth      36%        9d7       12%         6
 Fireball                 Conj/Fire      27%        3d12      16%         5
 Summon Hydra             Summ           38%        N/A       36%         7
 Starburst                Conj/Fire      27%        6d9       63%         6
 Spellforged Servitor     Conj/Summ      34%        N/A       67%         7
 Simulacrum               Ice/Necr       25%        N/A       71%         6
 Orb of Destruction       Conj           30%        9d10      92%         7
 Necromutation            Tmut/Necr      38%        N/A       96%         8
 Lehudib's Crystal Spear  Conj/Erth      36%        10d9      99%         8


Dungeon Overview and Level Annotations

Branches:
Dungeon (15/15)            Temple (1/1) D:6            Lair (5/5) D:10
 Shoals (4/4) Lair:3        Snake (4/4) Lair:2        Slime (5/5) Lair:4
    Orc (2/2) D:10            Elf (3/3) Orc:2        Vaults (4/5) D:14
  Crypt (0/3) Vaults:3     Depths (4/4) D:15            Zot (5/5) Depths:4

Altars:
Ashenzari
Cheibriados
Dithmenos
Elyvilon
Fedhas
Gozag
Hepliaklqana
Kikubaaqudgha
Makhleb
Nemelex Xobeh
Okawaru
Qazlal
Ru
Sif Muna
Trog
Uskayaw
Vehumet
Wu Jian
Xom
Yredelemnul
Zin
The Shining One
Jiyva

Shops:
D:2 :   D:5 =***   D:15 [   Orc:2 *:*(   Elf:1 =   Elf:2 :   Shoals:3 =
Snake:1 ::=***?   Snake:3 *!:=:   Vaults:2 [   Vaults:4 =   Depths:1 [

Portals:
Hell: Depths:1 Depths:2 Depths:3 Depths:4
Abyss: Depths:1 Depths:3 Depths:4
Pandemonium: Depths:2 Depths:3 Depths:4
Ziggurat: Depths:1

Annotations:
Elf:2 3 runed translucent doors, exclusion: 3 doors


Innate Abilities, Weirdness & Mutations

You are very small and have problems with some larger weapons.
You are too small for most types of armour.
You have supernaturally acute eyesight. (SInv)
You cover ground extremely quickly. (Speed+++)


Message History

The rust devil is enfeebled!
The rust devil completely misses you.
There is a stone staircase leading down here.
You hit the rust devil but do no damage.
You catch the helpless rust devil completely off-guard!
You skewer the rust devil like a kebab!!!
You kill the rust devil!
No target in view!
No target in view!
(D) Dungeon (T) Temple (L) Lair (A) Shoals (P) Snake Pit (M) Slime Pits (O) Orcish Mines (E) Elven Halls (V) Vaults (C) Crypt (U) Depths (H) Hell (Z) Zot
Where to? (Enter - D:1 @ (x,y), ? - help)
A smoke demon comes into view.
You see here 5 stones.
Casting: Enfeeble (mildly dangerous; 1% risk of failure)
Confirm with . or Enter, or press ? or * to list all spells.
Aiming: Enfeeble (mildly dangerous; 1% risk of failure)
Press: ? - help, Shift-Dir - straight line, f - smoke demon
Aim: a smoke demon (will inflict weakness and antimagic, chance to daze and blind: 95%)
The smoke demon is enfeebled!
You hit the smoke demon.
Lightning courses through the smoke demon!
The smoke demon is heavily wounded.
The smoke demon completely misses you. The smoke demon closely misses you. x2
You hit the smoke demon.
Lightning courses through the smoke demon!
The smoke demon is almost dead.
The smoke demon is lost in a daze.
You hit the smoke demon.
You kill the smoke demon!
No target in view!
You see here 5 stones.
There is an escape hatch in the floor here.
You see here 4 stones.
There is a staircase leading out of the dungeon here.
Okay, then.
Magic restored.
You have escaped!

.##.# #.# ######.# ..### #.#
#####..# ....# ###.####.......
.#..## ###).......###.##
.#...############.....###### #†#
.#....§§§.......##..### #.#
.#.....§§≈§≈.....#### #.#
.#....§§§§≈≈≈....# #.#
......§≈§§(≈≈...@# #.#
......§§§≈≈≈≈....# #.#
.#.....§≈≈≈≈.....# #.#
.#.....§§.......##############.#
.#...############..............#
....##............##############
....############..# .#### #>.#
.# #..#


There were no monsters in sight!

Vanquished Creatures
  the Royal Jelly (Slime:5)
  2 dread liches (Zot:5)
  3 orbs of fire
  An ancient lich (Zot:5)
  A juggernaut (Depths:3)
  Mara (Depths:2)
  Parghit (Zot:4)
  3 Killer Klowns (Zot:5)
  A caustic shrike (Depths:2)
  Jory (Vaults:3)
  6 golden dragons
  A bone dragon (Depths:4)
  A Brimstone Fiend (D:10)
  Jorgrun (D:14)
  14 tentacled monstrosities
  10 Orb Guardians
  2 deep elf blademasters (Elf:3)
  A titan (Depths:3)
  The ghost of Dadghomedgh the Thaumaturge, an adept GnHW of Sif Muna (Snake:3)
  A deep elf master archer (Elf:3)
  Zenata (Vaults:2)
  5 quicksilver dragons
  2 krakens
  7 death cobs
  8 acid blobs
  Polyphemus (Shoals:2)
  Agnes (D:14)
  4 sphinxes
  13 storm dragons
  5 nagarajas (Snake:4)
  2 draconian monks
  3 tengu reavers
  8 shadow dragons
  4 rockslimes
  3 azure jellies
  5 deep elf sorcerers (Elf:3)
  A frost giant (Depths:2)
  Aizul (Snake:1)
  3 draconian knights
  7 fire giants
  2 ghost moths
  5 vault wardens
  A balrug (Depths:3)
  2 iron dragons
  2 draconian shifters
  A draconian stormcaller (Zot:1)
  6 very ugly things
  7 ironbound preservers
  3 quicksilver oozes
  4 stone giants
  5 spriggan defenders
  A juggernaut skeleton (Depths:3)
  A vampire knight (Depths:3)
  4 dire elephants
  11 ironbound thunderhulks
  5 green draconians
  5 yellow draconians
  3 black draconians
  2 deep elf demonologists
  7 deep elf annihilators (Elf:3)
  A red draconian (Zot:1)
  6 purple draconians
  2 white draconians
  9 fire dragons
  6 ettins
  A green death (D:2)
  2 deep elf death magi (Elf:3)
  5 merfolk impalers
  3 yaktaur captains
  An entropy weaver (Vaults:2)
  2 rakshasas
  3 deep elf high priests
  9 great orbs of eyes
  Fannar (Lair:1)
  2 spriggan air magi
  4 ice dragons
  An ogre mage (D:14)
  4 boulder beetles
  8 ironbound frosthearts
  A catoblepas (Lair:5)
  3 hydras
  An alligator snapping turtle (Shoals:2)
  7 anacondas
  A peacekeeper (Vaults:3)
  15 centaur warriors
  A merfolk aquamancer (Shoals:1)
  2 satyrs (Shoals:3)
  A deep troll shaman (Depths:2)
  2 merfolk avatars (Shoals:1)
  11 death yaks
  4 tengu warriors
  6 two-headed ogres
  9 naga warriors
  2 orc high priests (Orc:2)
  10 naga sharpshooters
  3 spriggan berserkers
  4 shock serpents
  Urug (D:10)
  8 deep elf knights
  Amaemon (D:11)
  An iron troll (Depths:2)
  A shadow wraith (Shoals:2)
  A spark wasp zombie (Depths:3)
  5 skysharks
  5 sea snakes
  3 glowing orange brains
  A sixfirhy (Zot:4)
  A skeletal warrior (D:14)
  14 deep trolls
  A flayed ghost (Depths:3)
  An obsidian statue (Zot:5)
  3 wizards
  10 ironbound convokers
  5 deep elf archers
  5 harpies
  A necromancer (Vaults:2)
  6 lindwurms
  An oklob plant (Lair:5)
  21 deep elf pyromancers
  A lindwurm (shapeshifter) (Vaults:1)
  3 phantasmal warriors
  12 deep elf zephyrmancers
  A mana viper (shapeshifter) (Elf:3)
  An orc knight (D:11)
  14 ugly things
  9 fauns
  11 manticores
  4 shining eyes
  7 salamanders
  20 moths of wrath
  12 cyclopes
  5 mana vipers
  4 merfolk sirens
  A fire giant skeleton (Depths:3)
  3 elephants
  A guardian serpent (Snake:4)
  A rust devil (D:1)
  8 vault sentinels
  Joseph (D:7)
  15 black mambas
  7 naga magi
  2 smoke demons
  4 torpor snails (Lair:4)
  An orange demon (D:11)
  A gargoyle (D:10)
  6 water nymphs
  10 cane toads
  An unseen horror (D:12)
  18 dancing weapons
  4 rime drakes
  15 yaktaurs
  A kobold demonologist (D:12)
  2 efreet
  3 freezing wraiths
  9 komodo dragons
  A tengu conjurer (D:14)
  2 hornets (shapeshifter) (D:14)
  A tyrant leech (shapeshifter) (Depths:2)
  13 merfolk
  2 hornets
  A meliai (D:14)
  4 trolls
  7 polar bears
  2 wind drakes
  Grinder (D:5)
  7 dream sheep
  4 raiju (Lair:5)
  8 blink frogs
  6 snapping turtles
  A jumping spider (shapeshifter) (Elf:1)
  49 slime creatures
  2 vampires
  4 water elementals
  7 air elementals
  2 fire elementals
  A wraith (D:14)
  55 yaks
  2 wyverns
  3 golden eyes (Slime:1)
  2 steam dragons
  A chaos spawn (Depths:4)
  A golden eye (shapeshifter) (Depths:3)
  8 large abominations (Depths:4)
  4 basilisks
  A neqoxec (Depths:4)
  8 redbacks (Depths:3)
  11 vampire mosquitoes
  3 small abominations (Depths:4)
  Menkaure (D:5)
  10 wargs
  21 nagas
  An acid dragon (D:12)
  Duvessa (D:4)
  17 water moccasins
  8 hell hounds (Lair:5)
  2 floating eyes (Depths:2)
  A floating eye (shapeshifter) (D:15)
  20 orc warriors
  3 ice beasts (D:6)
  A sky beast (D:7)
  4 black bears
  12 boggarts
  8 ogres
  17 wolves
  A phantom (D:7)
  9 centaurs
  8 bullfrogs
  4 scorpions
  2 earth elementals (Elf:3)
  2 wights (D:7)
  Dowan (D:4)
  9 killer bees (D:8)
  A killer bee (shapeshifter) (Vaults:2)
  3 electric eels (D:9)
  7 howler monkeys
  2 crimson imps (D:8)
  A quasit (D:3)
  A jelly (D:4)
  14 orc priests
  6 iguanas
  10 orc wizards
  2 hell rats (Lair:1)
  Robin (D:3)
  4 adders
  8 river rats (Lair:1)
  A shadow imp (D:4)
  5 white imps
  A nameless horror (D:11)
  An ufetubus (D:4)
  A worm (D:5)
  77 orcs
  9 ball pythons
  5 endoplasms
  4 giant cockroaches
  34 goblins
  6 hobgoblins
  3 jackals (D:1)
  7 kobolds
  A quokka (D:1)
  13 bats
  2 frilled lizards (D:1)
  6 rats
  A fulminant prism (Slime:5)
  3 tentacles (Shoals:4)
1308 creatures vanquished.

Vanquished Creatures (collateral kills)
  An ancient lich (Zot:5)
  An orb of fire (Zot:5)
  3 juggernauts
  Margery (Vaults:2)
  Xtahua (Vaults:2)
  2 Killer Klowns (Zot:5)
  A curse toe (Zot:4)
  6 golden dragons
  4 tentacled monstrosities
  A quicksilver dragon (Depths:2)
  A deep elf blademaster (Depths:2)
  13 Orb Guardians (Zot:5)
  A walking earthen tome (Depths:3)
  2 deep elf master archers (Elf:3)
  7 acid blobs
  2 death cobs (Zot:5)
  2 titans
  The ghost of Pojesatusi the Warrior, an adept HOMo of Beogh (Depths:2)
  5 storm dragons
  A tengu reaver (Depths:1)
  3 draconian monks
  6 rockslimes
  Ilsuiw (Shoals:3)
  3 nagarajas
  4 fire giants
  4 azure jellies (Slime:5)
  4 deep elf sorcerers (Elf:3)
  2 vault wardens
  Louise (Elf:3)
  2 draconian scorchers
  A draconian shifter (Zot:2)
  A deep elf elementalist (Elf:3)
  An orc warlord (Vaults:4)
  3 quicksilver oozes (Slime:5)
  2 draconian stormcallers
  A stone giant (Depths:4)
  A spriggan defender (Depths:2)
  A war gargoyle (Vaults:2)
  4 draconian annihilators
  13 very ugly things
  11 ironbound preservers
  3 deep elf demonologists (Elf:3)
  An ironbound thunderhulk (Vaults:4)
  4 black draconians
  7 green draconians
  4 red draconians
  6 purple draconians
  2 deep elf annihilators (Elf:3)
  A white draconian (Zot:4)
  3 dire elephants
  4 yellow draconians
  4 merfolk javelineers
  An ettin (Depths:4)
  Josephine (D:14)
  4 fire dragons
  A spriggan zombie (Depths:3)
  A merfolk impaler (Shoals:4)
  2 yaktaur captains
  2 great orbs of eyes
  3 deep elf high priests (Elf:3)
  2 peacekeepers
  3 hydras (Lair:5)
  A salamander tyrant (Snake:4)
  4 vault guards
  A catoblepas (Shoals:2)
  An ogre mage (Vaults:4)
  2 ice dragons
  8 centaur warriors
  An ironbound frostheart (Vaults:2)
  2 anacondas
  3 two-headed ogres (Vaults:4)
  2 boulder beetles
  2 deep troll shamans (Depths:4)
  4 tengu warriors
  4 merfolk aquamancers
  7 naga warriors
  5 death yaks
  3 merfolk avatars
  A satyr (Shoals:3)
  8 orc high priests
  15 naga sharpshooters
  A shock serpent (Snake:3)
  A spriggan berserker (Depths:4)
  6 hell knights
  A sun demon (Depths:3)
  6 dancing weapons
  A spriggan (Depths:2)
  7 deep elf knights
  An iron troll (Depths:4)
  39 deep trolls
  A skyshark (Shoals:3)
  7 salamander mystics
  A glowing orange brain (Vaults:4)
  8 sea snakes
  A swamp dragon (shapeshifter) (Elf:3)
  4 wizards
  7 deep elf archers
  A naga ritualist (Snake:2)
  3 ironbound convokers (Vaults:3)
  12 harpies
  A wolf spider (D:14)
  A lindwurm (Vaults:1)
  17 deep elf zephyrmancers
  5 orc knights (Vaults:4)
  11 deep elf pyromancers
  4 necromancers
  An orc sorcerer (D:15)
  11 moths of wrath
  2 shining eyes
  28 ugly things
  10 salamanders
  16 fauns
  7 manticores
  A sphinx skeleton (Depths:3)
  A tengu skeleton (Vaults:3)
  3 cyclopes
  3 elephants (Lair:3)
  37 slime creatures
  11 naga magi
  7 merfolk sirens
  An elf zombie (Vaults:3)
  3 guardian serpents
  A stone giant skeleton (Vaults:3)
  4 black mambas
  5 vault sentinels
  5 water nymphs
  An eye of devastation (Slime:2)
  11 yaktaurs
  A hellion (Depths:2)
  A tengu conjurer (D:14)
  A human skeleton (Vaults:3)
  A troll (Orc:2)
  18 merfolk
  6 polar bears (Lair:5)
  3 raiju (Lair:5)
  2 wind drakes (Shoals:4)
  A hornet (Depths:2)
  A blink frog (shapeshifter) (D:14)
  3 snapping turtles
  16 dream sheep
  A vampire (D:12)
  An air elemental (Elf:2)
  Sigmund (D:3)
  8 yaks
  Eustachio (D:3)
  11 water elementals
  3 wraiths
  A golden eye (Slime:1)
  An elf skeleton (Vaults:3)
  2 redbacks (Vaults:2)
  3 vampire mosquitoes
  8 wargs
  31 nagas
  A water moccasin (D:6)
  2 hell hounds (Lair:5)
  17 orc warriors
  8 black bears (Lair:5)
  2 ogres
  6 wolves (Lair:5)
  Blork the orc (D:5)
  3 earth elementals
  5 wights
  2 electric eels (Snake:2)
  2 crimson imps (D:8)
  Crazy Yiuf (D:3)
  24 orc priests
  An iguana (D:4)
  3 orc wizards
  3 adders (D:2)
  A shadow imp (D:7)
  A white imp (D:4)
  2 ufetubi (D:4)
  39 orcs
  A goblin (D:3)
  A jackal (D:1)
826 creatures vanquished.

Vanquished Creatures (others)
  A Killer Klown (Zot:5)
  2 Orb Guardians (Zot:5)
  4 quicksilver dragons
  2 storm dragons
  2 draconian monks
  2 rockslimes (Slime:5)
  3 azure jellies (Slime:5)
  A fire giant (Depths:3)
  A frost giant (Depths:1)
  2 vault wardens
  A draconian scorcher (Zot:1)
  A deep elf sorcerer (Vaults:3)
  A draconian stormcaller (Zot:1)
  2 stone giants (Depths:2)
  7 very ugly things
  2 green draconians
  A war gargoyle (Vaults:2)
  3 black draconians
  A dire elephant (Vaults:2)
  3 white draconians
  A yellow draconian (Depths:4)
  An ettin (Depths:2)
  A merfolk javelineer (Shoals:4)
  A yaktaur captain (Vaults:3)
  A merfolk impaler (Shoals:3)
  A salamander tyrant (Snake:4)
  A vault guard (Vaults:2)
  An ironbound frostheart (Vaults:3)
  An anaconda (Snake:2)
  A two-headed ogre (Vaults:4)
  A merfolk aquamancer (Shoals:4)
  A tengu warrior (Depths:4)
  A naga warrior (Snake:2)
  A deep troll earth mage (Depths:4)
  A deep troll shaman (Depths:3)
  2 naga sharpshooters (Snake:2)
  3 hell knights
  7 deep trolls
  An iron troll (Depths:4)
  2 flayed ghosts (Depths:2)
  3 ironbound convokers
  A harpy (Shoals:4)
  3 deep elf zephyrmancers
  A wizard (Vaults:3)
  7 deep elf archers
  A necromancer (Depths:3)
  4 ugly things
  3 deep elf pyromancers
  An orc knight (Vaults:4)
  2 fauns (Shoals:3)
  A salamander (Snake:4)
  A moth of wrath (Depths:2)
  3 merfolk sirens
  3 naga magi
  3 vault sentinels
  2 unseen horrors (Depths:4)
  4 yaktaurs
  2 merfolk (Shoals:4)
  A dream sheep (Shoals:3)
  14 slime creatures
  2 wraiths (D:14)
  A chaos spawn (Depths:4)
  5 dancing weapons
  9 nagas
  3 orc warriors
  2 orc priests (Vaults:4)
  2 demonic plants (D:4)
  13 fulminant prisms
  33 fungi
  113 plants
  3 snaplasher vines
  A tentacle (Shoals:4)
319 creatures vanquished.

Grand Total: 2453 creatures vanquished

Notes
Turn   | Place    | Note
-------+----------+-------------------------------------------
     0 | D:1      | PaperRat the Spriggan Hedge Wizard began the quest for the
                  | Orb.
     0 | D:1      | Reached XP level 1. HP: 9/9 MP: 6/6
    93 | D:1      | Reached skill level 1 in Conjurations
   316 | D:1      | Reached XP level 2. HP: 13/13 MP: 5/8
   345 | D:1      | Learned a level 2 spell: Call Imp
  1105 | D:1      | Reached skill level 1 in Summonings
  1105 | D:1      | Reached XP level 3. HP: 16/16 MP: 3/9
  1510 | D:2      | Learned a level 3 spell: Mephitic Cloud
  1581 | D:2      | Learned a level 3 spell: Tukima's Dance
  1581 | D:2      | Found a faded altar of an unknown god.
  1653 | D:2      | Found Liajid's Book Emporium.
  1849 | D:2      | Reached skill level 1 in Fighting
  1849 | D:2      | Reached skill level 1 in Hexes
  1990 | D:2      | Reached XP level 4. HP: 22/22 MP: 8/11
  2921 | D:3      | Noticed Robin
  3084 | D:3      | Noticed Sigmund
  3271 | D:3      | Killed Robin
  3405 | D:4      | Noticed Eustachio
  3466 | D:4      | Reached XP level 5. HP: 25/25 MP: 6/12
  3787 | D:3      | Found a shimmering blue altar of Sif Muna.
  3927 | D:3      | Found a radiant altar of Vehumet.
  3933 | D:3      | Found a hide-covered altar of Uskayaw.
  3936 | D:3      | Found a shadowy altar of Dithmenos.
  4161 | D:3      | Found a runed translucent door.
  4162 | D:3      | Noticed Crazy Yiuf
  4185 | D:3      | Killed Crazy Yiuf
  4447 | D:4      | Noticed Dowan
  4450 | D:4      | Noticed Duvessa
  4595 | D:3      | Killed Sigmund
  4596 | D:3      | Reached XP level 6. HP: 19/30 MP: 6/13
  4870 | D:3      | Killed Eustachio
  4871 | D:3      | Reached skill level 1 in Air Magic
  4871 | D:3      | Reached skill level 1 in Poison Magic
  4871 | D:3      | Reached XP level 7. HP: 31/35 MP: 5/14
  5473 | D:4      | Learned a level 2 spell: Ensorcelled Hibernation
  5652 | D:4      | Reached skill level 1 in Evocations
  6338 | D:4      | Killed Duvessa
  6339 | D:4      | Reached skill level 2 in Evocations
  6375 | D:4      | Killed Dowan
  7026 | D:5      | Entered Level 5 of the Dungeon
  7044 | D:5      | Found Fosyriatt's General Store.
  7055 | D:5      | Noticed Menkaure
  7083 | D:5      | Killed Menkaure
  7084 | D:5      | Reached XP level 8. HP: 40/40 MP: 3/15
  7169 | D:5      | Reached skill level 1 in Ice Magic
  7372 | D:5      | Found Girhun's Specific Store.
  7403 | D:5      | Bought a scroll of identify for 30 gold pieces
  7403 | D:5      | Bought a scroll of fog for 60 gold pieces
  7417 | D:5      | Learned a level 4 spell: Petrify
  7474 | D:5      | Noticed Blork the orc
  7483 | D:5      | Killed Blork the orc
  7620 | D:5      | Reached skill level 1 in Transmutations
  7710 | D:5      | Reached skill level 1 in Short Blades
  7710 | D:5      | Reached skill level 5 in Spellcasting
  7769 | D:5      | Found Wolu's Jewellery Shoppe.
  7775 | D:5      | Noticed Grinder
  7856 | D:5      | Killed Grinder
  7857 | D:5      | Reached skill level 1 in Earth Magic
  8008 | D:5      | Found an ornate altar of the Wu Jian Council.
  8095 | D:5      | Found Yhokh's Elemental Accessories.
  8438 | D:6      | Learned a level 2 spell: Passwall
  8581 | D:6      | Identified the +1 ring mail of Astrydwa {+Blink Regen+}
  8639 | D:6      | Found a staircase to the Ecumenical Temple.
  8691 | Temple   | Entered the Ecumenical Temple
  8928 | Temple   | Became a worshipper of Ashenzari the Shackled
  8968 | D:6      | Reached XP level 9. HP: 30/45 MP: 6/17
  8999 | D:6      | Reached skill level 5 in Transmutations
  9458 | D:6      | Reached skill level 5 in Stealth
  9938 | D:6      | Found an opulent altar of Gozag.
 10213 | D:2      | Bought a book of Touch for 242 gold pieces
 10342 | D:7      | Noticed a two-headed ogre
 10486 | D:7      | Killed a two-headed ogre
 11077 | D:7      | Learned a level 3 spell: Confusing Touch
 11358 | D:7      | Noticed Joseph
 11393 | D:7      | Reached * piety under Ashenzari
 11695 | D:7      | Killed Joseph
 11696 | D:7      | Reached XP level 10. HP: 49/51 MP: 17/21
 11708 | D:7      | Reached skill level 5 in Earth Magic
 12185 | D:8      | Reached ** piety under Ashenzari
 12688 | D:8      | Reached skill level 3 in Evocations
 13512 | D:8      | Found a shimmering altar of Xom.
 13961 | D:9      | Reached skill level 5 in Dodging
 13961 | D:9      | Reached skill level 5 in Hexes
 14218 | D:9      | Reached skill level 4 in Evocations
 14366 | D:9      | Reached skill level 5 in Fighting
 14445 | D:9      | Reached XP level 11. HP: 54/56 MP: 13/22
 14629 | D:9      | Reached *** piety under Ashenzari
 15113 | D:9      | Reached **** piety under Ashenzari
 15293 | D:10     | Entered Level 10 of the Dungeon
 15387 | D:10     | Noticed Urug
 15396 | D:10     | Killed Urug
 15454 | D:10     | Noticed a death yak
 15518 | D:10     | Reached skill level 1 in Shields
 15631 | D:10     | Found a staircase to the Orcish Mines.
 15710 | D:10     | Noticed a two-headed ogre
 15724 | D:10     | Killed a two-headed ogre
 15725 | D:10     | Reached skill level 10 in Stealth
 15796 | D:10     | Noticed a death yak
 15797 | D:10     | Noticed a death yak
 15814 | D:10     | Found a staircase to the Lair.
 15814 | D:10     | Noticed a death yak
 15814 | D:10     | Noticed a death yak
 15814 | D:10     | Noticed a death yak
 15817 | D:10     | Killed a death yak
 15845 | D:10     | Reached ***** piety under Ashenzari
 15867 | D:10     | Killed a death yak
 15880 | D:10     | Killed a death yak
 15888 | D:10     | Killed a death yak
 15940 | D:10     | Killed a death yak
 15941 | D:10     | Reached skill level 5 in Translocations
 15971 | D:10     | Killed a death yak
 15978 | D:10     | Learned a level 5 spell: Summon Forest
 16168 | D:10     | Noticed an angel
 16169 | D:10     | Found a glowing silver altar of Zin.
 16407 | Lair:1   | Entered Level 1 of the Lair of Beasts
 16422 | Lair:1   | Noticed Fannar
 16434 | Lair:1   | Killed Fannar
 16584 | Lair:1   | Noticed a death yak
 16589 | Lair:1   | Noticed a death yak
 16589 | Lair:1   | Noticed a death yak
 16631 | Lair:1   | Killed a death yak
 16632 | Lair:1   | Reached XP level 12. HP: 50/67 MP: 23/26
 16675 | Lair:1   | Found an ancient bone altar of Kikubaaqudgha.
 16858 | Lair:1   | Noticed a death yak
 16877 | Lair:1   | Killed a death yak
 16929 | Lair:1   | Killed a death yak
 17331 | Lair:1   | Killed a death yak
 17878 | Lair:2   | Reached skill level 5 in Short Blades
 17925 | Lair:2   | Reached skill level 5 in Shields
 17970 | Lair:2   | Found a staircase to the Snake Pit.
 18489 | Lair:2   | Reached skill level 5 in Evocations
 19135 | Lair:2   | Learned a level 5 spell: Yara's Violent Unravelling
 19363 | Lair:3   | Reached skill level 5 in Summonings
 19363 | Lair:3   | Found a staircase to the Shoals.
 19662 | Lair:3   | Noticed a boulder beetle
 19677 | Lair:3   | Killed a boulder beetle
 19775 | Lair:3   | Reached XP level 13. HP: 72/72 MP: 17/28
 20037 | Lair:3   | Reached skill level 6 in Evocations
 20517 | Lair:4   | Identified the +2 trident of Doom {protect, Str+2}
 20571 | Lair:4   | Found a snail-covered altar of Cheibriados.
 21235 | Lair:4   | Found a staircase to the Slime Pits.
 21236 | Lair:4   | Found a viscous altar of Jiyva.
 21414 | Lair:4   | Learned a level 5 spell: Summon Mana Viper
 21438 | Lair:5   | Entered Level 5 of the Lair of Beasts
 21438 | Lair:5   | Identified the +6 dagger "Ipsitoig" {freeze, rF- rC+ rN+
                  | Str+3}
 21498 | Lair:5   | Reached skill level 7 in Evocations
 22223 | Lair:5   | Reached skill level 10 in Hexes
 22784 | Lair:5   | Reached XP level 14. HP: 77/77 MP: 14/31
 23753 | Lair:5   | Identified Sif Muna's Discourse on Vexing Rime
 24355 | Orc:1    | Entered Level 1 of the Orcish Mines
 24825 | Orc:2    | Entered Level 2 of the Orcish Mines
 25031 | D:5      | Bought a potion of haste for 150 gold pieces
 25031 | D:5      | Bought 3 scrolls of blinking for 337 gold pieces
 25031 | D:5      | Bought Unaogen's Writings on Contaminated Bewitchment for
                  | 720 gold pieces
 25180 | Orc:2    | Reached skill level 15 in Hexes
 25310 | Orc:2    | Reached skill level 10 in Spellcasting
 25454 | Orc:2    | Learned a level 7 spell: Enfeeble
 25465 | Orc:2    | Found Jaoruv's Book Shop.
 25465 | Orc:2    | Found Raneac's Assorted Antiques.
 25735 | Orc:2    | Found Cogausch's Antique Weapon Shop.
 25735 | Orc:2    | Found Cemi Sye's Assorted Antiques.
 25937 | Orc:2    | Bought a scroll labelled UXKADEHUAGG for 29 gold pieces
 25966 | Orc:2    | Found a staircase to the Elven Halls.
 26393 | Orc:2    | Acquired a +6 ring of intelligence
 26920 | D:11     | Noticed Amaemon
 26941 | D:11     | Killed Amaemon
 27159 | D:11     | Reached skill level 8 in Evocations
 28249 | D:12     | Reached XP level 15. HP: 48/81 MP: 13/33
 29055 | D:13     | Learned a level 8 spell: Discord
 29376 | D:13     | Reached skill level 9 in Evocations
 29422 | D:14     | Noticed Jorgrun
 29432 | D:14     | Killed Jorgrun
 29436 | D:14     | Noticed Josephine
 29453 | D:14     | Killed Josephine
 29811 | D:14     | Found a gate to the Vaults.
 30388 | D:14     | Noticed Agnes
 30551 | D:14     | Killed Agnes
 31294 | D:14     | Reached skill level 10 in Evocations
 31302 | D:14     | Found an ancient bone altar of Kikubaaqudgha.
 31581 | D:15     | Entered Level 15 of the Dungeon
 31592 | D:15     | Noticed a shadow dragon
 31593 | D:15     | Noticed a storm dragon
 31656 | D:15     | Reached skill level 10 in Fighting
 31880 | D:15     | Found Dyxat's Armour Shop.
 31984 | D:15     | Reached XP level 16. HP: 91/91 MP: 28/36
 32041 | D:15     | Identified the +1 robe "Watoch" {Int+3 Dex+4}
 32045 | D:15     | Identified the staff of cold "Zym Lukk" {Fly rC+}
 32233 | D:15     | Killed a shadow dragon
 32740 | D:2      | Bought Laoffem's Information on Decaying Reconstruction for
                  | 528 gold pieces
 32748 | D:2      | Learned a level 6 spell: Statue Form
 33016 | D:15     | Killed a storm dragon
 33036 | D:15     | Identified the cursed +2 robe "Mantic Urgency" {rC+ rF+,
                  | Range, Bglg} (You took it off an orc wizard on level 5 of
                  | the Dungeon)
 33188 | D:15     | Reached ****** piety under Ashenzari
 33523 | D:15     | Reached skill level 10 in Dodging
 33535 | D:15     | Found a staircase to the Depths.
 33740 | D:15     | Found Dyxat's Armour Shop.
 34048 | D:15     | Found a staircase to the Depths.
 34288 | Shoals:1 | Entered Level 1 of the Shoals
 34293 | Shoals:1 | Found a flickering gateway to a bazaar.
 34304 | Bazaar   | Entered a bazaar
 34304 | Bazaar   | Found Weol's Book Emporium.
 34304 | Bazaar   | Found Nioseden's Antique Armour Shoppe.
 34304 | Bazaar   | Found Uvoveos's Antique Weapon Shoppe.
 34304 | Bazaar   | Found Bairch's Distillery.
 34304 | Bazaar   | Found Fegoguza's Jewellery Shoppe.
 34327 | Bazaar   | Bought a potion of heal wounds for 65 gold pieces
 34327 | Bazaar   | Bought a potion of mutation for 104 gold pieces
 34327 | Bazaar   | Bought 2 potions of invisibility for 208 gold pieces
 34331 | Bazaar   | Bought a potion of brilliance for 52 gold pieces
 35971 | Shoals:2 | Reached skill level 11 in Evocations
 36296 | Shoals:2 | Noticed a kraken
 36312 | Shoals:2 | Killed a kraken
 36461 | Shoals:2 | Reached skill level 10 in Transmutations
 36754 | Shoals:2 | Noticed Polyphemus
 36781 | Shoals:2 | Killed Polyphemus
 37864 | Shoals:3 | Reached XP level 17. HP: 88/98 MP: 21/39
 37985 | Shoals:3 | Found Nugant's Jewellery Shoppe.
 37986 | Shoals:3 | Noticed Ilsuiw
 37997 | Shoals:3 | Killed Ilsuiw
 39361 | Shoals:3 | Learned a level 5 spell: Irradiate
 39382 | Shoals:4 | Entered Level 4 of the Shoals
 39688 | Shoals:4 | Got a barnacled rune of Zot
 40629 | Shoals:4 | Noticed a kraken
 40634 | Shoals:4 | Killed a kraken
 41511 | Shoals:4 | Identified the +7 long sword "Reny" {flame, Dex+6}
 41891 | Snake:1  | Entered Level 1 of the Snake Pit
 41891 | Snake:1  | Found Lodap's Magic Scroll Boutique.
 41987 | Snake:1  | Found Senebad's Assorted Antiques.
 42043 | Snake:1  | Identified the +6 plate armour of Hospitality {Drain rN+
                  | Int+9 Dex-3}
 42060 | Snake:1  | Found Xirch's Assorted Antiques.
 42079 | Snake:1  | Noticed Aizul
 42099 | Snake:1  | Killed Aizul
 42108 | Snake:1  | Reached skill level 15 in Spellcasting
 42826 | Snake:1  | Reached XP level 18. HP: 90/107 MP: 13/41
 43101 | Snake:1  | Found Ivvymul's Assorted Antiques.
 43122 | Snake:1  | Bought a pitted buckler for 389 gold pieces
 43122 | Snake:1  | Identified the +0 buckler of Happiness {Str+2} (You bought
                  | it in a shop on level 1 of the Snake Pit)
 43227 | Snake:1  | Found Dauf's Jewellery Boutique.
 43228 | Snake:1  | Found Baijovu's Book Emporium.
 43236 | Snake:1  | Found Munuzij's Book Emporium.
 43598 | Snake:2  | Reached skill level 12 in Evocations
 44393 | Snake:2  | Acquired a +4 ring of protection
 45112 | Snake:3  | Found Unakhasa's Book Boutique.
 45234 | Snake:3  | Found Duts's Jewellery Boutique.
 45354 | Snake:3  | Found Das Fex's Distillery.
 45707 | Snake:3  | Reached skill level 13 in Evocations
 45781 | Snake:3  | Reached skill level 15 in Dodging
 45821 | Snake:3  | Found Tadyh's Book Boutique.
 46026 | Snake:3  | Reached skill level 15 in Stealth
 46027 | Snake:3  | Found Bousof's Assorted Antiques.
 46237 | Snake:3  | Found a runed translucent door.
 46238 | Snake:3  | Found a shimmering altar of Xom.
 46238 | Snake:3  | Noticed Dadghomedgh's ghost (adept GnHW)
 46257 | Snake:3  | Killed Dadghomedgh's ghost
 46393 | Snake:4  | Entered Level 4 of the Snake Pit
 46581 | Snake:4  | Identified the +2 great mace of Diet Blood {venom, rPois
                  | Str+2}
 47779 | Snake:4  | Reached skill level 14 in Evocations
 48377 | Snake:4  | Got a serpentine rune of Zot
 48619 | Snake:4  | Reached XP level 19. HP: 96/112 MP: 19/45
 49011 | Elf:1    | Entered Level 1 of the Elven Halls
 49269 | Elf:1    | Paralysed by an air elemental for 1 turns
 49450 | Elf:1    | Paralysed by an air elemental for 1 turns
 50380 | Elf:1    | Found Wuelluc's One-of-a-Kind Rings.
 51054 | Elf:2    | Found a runed translucent gate.
 51054 | Elf:2    | Found a runed translucent gate.
 51054 | Elf:2    | Found a runed translucent gate.
 51170 | Elf:2    | Reached skill level 15 in Evocations
 52101 | Elf:2    | Found Nowe's Book Emporium.
 52345 | Elf:2    | Identified the +0 robe of the Ward {rC+ Int+5}
 52526 | Elf:3    | Entered Level 3 of the Elven Halls
 52711 | Elf:3    | Paralysed by an air elemental for 1 turns
 52715 | Elf:3    | Paralysed by an air elemental for 1 turns
 52747 | Elf:3    | Noticed Louise
 52753 | Elf:3    | Killed Louise
 53034 | Elf:3    | Reached skill level 16 in Evocations
 53057 | Elf:3    | Identified the +12 dagger of Tumult {pain, rF++ rC-}
 54242 | Elf:3    | Noticed a Tzitzimitl
 54243 | Elf:3    | Noticed a Brimstone Fiend
 55267 | Elf:3    | Identified the +2 mace of the Ship {pain, Str+3 Dex+3}
 55274 | Elf:3    | Identified the +3 chain mail of the Snail {Rampage}
 55532 | Elf:3    | Identified the +3 battleaxe of Wondrous Power {freeze, MP-9
                  | Dex+5 SInv}
 55542 | Elf:3    | Reached skill level 17 in Evocations
 55749 | Elf:3    | Reached XP level 20. HP: 118/118 MP: 29/47
 55750 | Elf:3    | Identified the +4 leather armour of Qowov {Regen+}
 56259 | Elf:3    | Identified the ring of Bozerghu {rPois rN+ Stlth+}
 56545 | Elf:3    | Identified the staff of fire "Qeadgh" {rElec rF+ rCorr
                  | Int-3 SInv}
 56583 | Elf:3    | Identified the staff of death "Lielynel" {rPois rC+ rN+}
 56766 | Orc:2    | Bought a book of the Sky for 616 gold pieces
 56775 | Orc:2    | Learned a level 8 spell: Maxwell's Capacitive Coupling
 56886 | Vaults:1 | Entered Level 1 of the Vaults
 57569 | Vaults:1 | Identified the +6 short sword of Luxury {protect, Will+
                  | rCorr}
 57903 | Vaults:1 | Reached skill level 18 in Evocations
 58245 | Vaults:1 | Reached skill level 5 in Air Magic
 59128 | Vaults:2 | Noticed Xtahua
 59139 | Vaults:2 | Killed Xtahua
 59283 | Vaults:2 | Found Cypra's Antique Armour Shop.
 59332 | Vaults:2 | Noticed Margery
 59334 | Vaults:2 | Killed Margery
 60481 | Vaults:2 | Noticed Zenata
 60485 | Vaults:2 | Killed Zenata
 61005 | Vaults:2 | Reached skill level 19 in Evocations
 61005 | Vaults:2 | Reached XP level 21. HP: 118/121 MP: 28/48
 61650 | Vaults:3 | Identified the +6 ring mail "Yteash" {Harm rC+ Dex+3}
 61864 | Vaults:3 | Reached skill level 1 in Armour
 62373 | Vaults:3 | Found a staircase to the Crypt.
 62875 | Vaults:3 | Noticed Jory
 62904 | Vaults:3 | Killed Jory
 63548 | Vaults:3 | Reached skill level 10 in Air Magic
 64690 | Vaults:4 | Found Tuczet's Jewellery Shop.
 64831 | Vaults:4 | Identified the +1 scale mail of Proximity {rPois Will-
                  | rCorr SInv}
 66443 | Snake:1  | Bought a ring of resist corrosion for 360 gold pieces
 66609 | Slime:1  | Entered Level 1 of the Pits of Slime
 66706 | Slime:1  | Learned a level 4 spell: Fulminant Prism
 66711 | Slime:1  | Learned a level 4 spell: Iskenderun's Mystic Blast
 67010 | Slime:2  | Reached XP level 22. HP: 101/126 MP: 32/49
 67865 | Slime:5  | Entered Level 5 of the Pits of Slime
 68364 | Slime:4  | Reached skill level 15 in Air Magic
 68683 | Slime:5  | Found a viscous altar of Jiyva.
 68683 | Slime:5  | Identified the ring of Zutum {Contam Fly rPois rF+}
 68684 | Slime:5  | Identified the ring "Doklale" {rElec AC+4 Str+4 Dex+3}
 68685 | Slime:5  | Identified the Papyrus of Hexes
 68685 | Slime:5  | Found the +8 Vampire's Tooth {megavamp}
 68686 | Slime:5  | Identified the +3 falchion "Ogreslayer" {freeze, rPois rF+
                  | rC+++}
 68766 | Slime:5  | Noticed the Royal Jelly
 68778 | Slime:5  | Killed the Royal Jelly
 68858 | Slime:5  | Got a slimy rune of Zot
 68962 | Slime:5  | Acquired the +1 hat of the Falcon {Contam Regen+ Int+8}
 68991 | Slime:5  | Learned a level 7 spell: Storm Form
 69292 | D:15     | Identified the cursed +5 dagger "Atheism of Ashenzari"
                  | {elec, Alch, Fort} (You took it off an orc on level 2 of
                  | the Orcish Mines)
 69292 | D:15     | Identified the cursed +2 cloak of Ashenzari's Gnosis {Comp,
                  | Self} (You took it off Crazy Yiuf on level 3 of the
                  | Dungeon)
 69292 | D:15     | Identified the cursed +0 buckler "Gaze Upon Infinity"
                  | {Melee, Bglg} (You took it off an orc on level 5 of the
                  | Dungeon)
 69315 | Depths:1 | Entered Level 1 of the Depths
 69421 | Depths:1 | Found a blossoming altar of Fedhas.
 69499 | Depths:1 | Found Ewarach's Antique Armour Shoppe.
 69725 | Depths:1 | Found a gateway to Hell.
 69839 | Depths:1 | Found a one-way gateway to a ziggurat.
 69896 | Depths:1 | Found a one-way gate to the infinite horrors of the Abyss.
 70050 | Depths:2 | Noticed Mara
 70061 | Depths:2 | Killed Mara
 70173 | Depths:2 | Identified the +3 leather armour of the Slorg {+Inv rF+
                  | MP+9 Dex-5}
 70505 | Depths:2 | Found a transporter.
 70512 | Depths:2 | Found a bloodstained altar of Trog.
 70517 | Depths:2 | Noticed Pojesatusi's ghost (adept HOMo)
 70522 | Depths:2 | Noticed a juggernaut
 70527 | Depths:2 | Found a transporter.
 70529 | Depths:2 | Noticed a juggernaut
 70711 | Depths:2 | Found a glowing golden altar of the Shining One.
 70912 | Depths:2 | Identified the +5 ring mail of Greed {Will+ Regen+ Str-4}
 71227 | Depths:2 | Identified the +4 quarterstaff "Sogyf" {drain, Str+6 SInv}
 71447 | Depths:2 | Noticed a golden dragon
 71538 | Depths:2 | Killed a golden dragon
 71761 | Depths:2 | Noticed a caustic shrike
 71805 | Depths:2 | Killed a caustic shrike
 71960 | Depths:2 | Noticed a golden dragon
 71964 | Depths:2 | Killed a golden dragon
 72106 | Depths:2 | Found a one-way gate leading to the halls of Pandemonium.
 72279 | Depths:2 | Killed a juggernaut
 72280 | Depths:2 | Killed Pojesatusi's ghost
 72286 | Depths:2 | Killed a juggernaut
 72361 | Depths:3 | Reached XP level 23. HP: 130/130 MP: 41/50
 72786 | Depths:3 | Acquired 821 gold pieces
 72897 | Depths:3 | Noticed a juggernaut
 72907 | Depths:3 | Killed a juggernaut
 72917 | Depths:3 | Noticed a juggernaut
 72929 | Depths:3 | Killed a juggernaut
 73370 | Vaults:2 | Bought the +4 moon troll leather armour {Spirit, Regen++
                  | MP+5} for 2234 gold pieces
 73370 | Vaults:2 | Found the +4 moon troll leather armour {Spirit, Regen++
                  | MP+5}
 73895 | Depths:3 | Identified the +7 chain mail of Reason {rF+}
 74147 | Depths:4 | Entered Level 4 of the Depths
 74296 | Depths:4 | Reached skill level 20 in Evocations
 74656 | Depths:4 | Found a hide-covered altar of Uskayaw.
 74677 | Depths:4 | Found a sacrificial altar of Ru.
 74889 | Depths:4 | Found a gate to the Realm of Zot.
 75278 | Zot:1    | Entered Level 1 of the Realm of Zot
 75289 | Zot:1    | Reached skill level 21 in Evocations
 75794 | Zot:1    | Noticed an orb of fire
 75835 | Zot:1    | Killed an orb of fire
 75836 | Zot:1    | Reached skill level 22 in Evocations
 76596 | Zot:2    | Reached skill level 23 in Evocations
 76599 | Zot:2    | Reached XP level 24. HP: 139/139 MP: 43/51
 77362 | Zot:2    | Reached skill level 24 in Evocations
 77920 | Zot:3    | Noticed an orb of fire
 77921 | Zot:3    | Killed an orb of fire
 78111 | Zot:3    | Reached skill level 25 in Evocations
 78427 | Zot:3    | Found a shimmering altar of Xom.
 79053 | Zot:4    | Noticed Parghit
 79069 | Zot:4    | Killed Parghit
 79284 | Zot:4    | Reached skill level 26 in Evocations
 79788 | Zot:4    | Reached skill level 27 in Evocations
 80325 | Zot:5    | Entered Level 5 of the Realm of Zot
 80905 | Zot:5    | Noticed a dread lich
 80908 | Zot:5    | Killed a dread lich
 80923 | Zot:5    | Noticed a dread lich
 80933 | Zot:5    | Killed a dread lich
 80939 | Zot:5    | Reached XP level 25. HP: 144/144 MP: 39/51
 80947 | Zot:5    | Noticed a Killer Klown
 80978 | Zot:5    | Noticed an ancient lich
 80982 | Zot:5    | Killed a Killer Klown
 80998 | Zot:5    | Killed an orb of fire
 81006 | Zot:5    | Killed an ancient lich
 81088 | Zot:5    | Noticed a Killer Klown
 81105 | Zot:5    | Noticed a Killer Klown
 81112 | Zot:5    | Noticed a Killer Klown
 81120 | Zot:5    | Killed a Killer Klown
 81131 | Zot:5    | Killed a Killer Klown
 81216 | Zot:5    | Noticed an ancient lich
 81221 | Zot:5    | Killed an ancient lich
 81231 | Zot:5    | Noticed an orb of fire
 81237 | Zot:5    | Killed an orb of fire
 81295 | Zot:5    | Noticed a Killer Klown
 81321 | Zot:5    | Killed a Killer Klown
 81328 | Zot:5    | Noticed a Killer Klown
 81329 | Zot:5    | Killed a Killer Klown
 81335 | Zot:5    | Killed a Killer Klown
 82056 | Zot:5    | Learned a level 5 spell: Lee's Rapid Deconstruction
 82169 | Zot:5    | Got the Orb of Zot
 82470 | Depths:2 | Noticed Xonaplo the pandemonium lord
 82866 | D:$      | Escaped with the Orb!

Illustrated notes

Levels and vault maps discovered:
D:1:      lemuel_arrival_lava_pool, layout_loops_ring
D:2:      layout_basic, serial_shops, shop, dreamdust_ecumenical_altar_grove,
          grunt_decor_arrowhead
D:3:      layout_rooms, mainiacjoe_overflow_surrounded_room,
          minmay_overflow_temple_star_quad, minmay_goblin_outpost,
          uniq_crazy_yiuf_cottage, uniq_sigmund, uniq_robin
D:4:      layout_basic, serial_demonic, serial_demonic_d, serial_demonic_c,
          serial_demonic_d, serial_demonic_a, minmay_checkerbox, uniq_duvessa,
          uniq_eustachio
D:5:      layout_cave_pools, nicolae_wu_jian_glorious_leap, serial_shops,
          nicolae_stop_n_shop_2, nicolae_elemental_shop, minivault_25,
          nicolae_specific_store, hellmonk_bongcloud_opening, uniq_menkaure,
          uniq_blork_the_orc, uniq_grinder
D:6:      corexii_shack_village, layout_cave_pods, nicolae_gozag_seed_capital,
          minmay_temple_entry_glassed_door, minmay_starry_boxes
D:7:      layout_basic, serial_curves, eino_curves_04, eino_curves_02,
          kennysheep_crisscross, uniq_joseph
D:8:      layout_cave_pods, led_xom_imps, special_room [special_room_orc]
D:9:      layout_stronghold, water_boxes_lemuel
D:10:     layout_basic, zin_angel, dpeg_lair_monsters,
          minmay_orc_entry_guard_dogs, uniq_urug
D:11:     layout_roguey [special_room_orc], uniq_amaemon
D:12:     layout_roguey
D:13:     layout_roguey, kennysheep_generic_room_11
D:14:     minmay_the_grid_3x3 [minmay_the_grid_slots, minmay_the_grid_spikes,
          minmay_the_grid_tree, minmay_the_grid_outer_diamond,
          minmay_the_grid_gridbox, minmay_the_grid_odd_star,
          minmay_the_grid_dragon_a, minmay_the_grid_x,
          minmay_the_grid_prize_inner_circle], layout_irregular_city,
          david_vaults_1, nicolae_kikubaaqudgha_miasma_corner, uniq_jorgrun,
          uniq_josephine, uniq_agnes
D:15:     grunt_enter_depths_snipers, layout_basic,
          minmay_misc_feat_more_columns, serial_shops, shop,
          minmay_checkered_concentric_circles
Temple:   dpeg_chambers_temple
Lair:1:   layout_chaotic_city, basic_altar, kennysheep_rathole, uniq_fannar
Lair:2:   layout_cave_pods, minmay_snake_entry_six_corridors, serial_rivers,
          chequers_serial_rivers_room_b, chequers_serial_rivers_small_3,
          chequers_serial_rivers_large_a, chequers_serial_rivers_large_b,
          chequers_serial_rivers_micro_c
Lair:3:   layout_cave_shapes, minmay_shoals_entry_lonely_mermaid
Lair:4:   layout_long_grid, slime_entry_1, kennysheep_snail_temple
Lair:5:   hangedman_lair_in_review, layout_cellular_growth,
          hangedman_lair_caniforms_friends
Shoals:1: layout_shoals, serial_shops, bzr_entry_lakeside
Shoals:2: layout_shoals, nicolae_shoals_hidden_pirate_stash, uniq_polyphemus
Shoals:3: layout_shoals, serial_shops, nicolae_shop_advertising_works
          [nicolae_subvault_shop_adworks], uniq_ilsuiw
Shoals:4: shoals_end_simple, layout_shoals
Snake:1:  layout_rooms, serial_shops, shop, shop, shop,
          nicolae_shop_overgrown_old_shop, nicolae_snake_coiling_death,
          nicolae_triple_integral, minmay_shop_grove, uniq_aizul
Snake:2:  nicolae_snake_shooting_gallery, layout_onion
Snake:3:  layout_layer_cave, serial_shops, shop, shop, shop, shop,
          nicolae_shop_behind_doors, ebering_ghost_xom
Snake:4:  minmay_snake_end_coiled, layout_gridlike
Slime:1:  cheibrodos_slime_lost_civilization_9, layout_caves
Slime:2:  layout_caves
Slime:3:  layout_caves
Slime:4:  layout_caves
Slime:5
Orc:1:    layout_caves
Orc:2:    st_orc_town, layout_caves
Elf:1:    layout_gridlike, minmay_elf_crystal_heptagon, grunt_ministairs_6,
          nicolae_shop_unique_rings
Elf:2:    nicolae_elf_blades_splatter_lattice [nicolae_blade_bullseye],
          layout_loops_corners, serial_shops, shop, lemuel_elevator
Elf:3:    minmay_elf_hall_furrowed, layout_loops_ring, library_closet,
          grunt_ministairs_9, uniq_louise
Vaults:1: nicolae_vaults_quartermaster, vaults_room_door_hall, v_alt_pattern_4,
          nicolae_vaults_twisting_passages, layout_vaults_omnigrid, serial_glass
Vaults:2: kb_rosetta, hangedman_vaults_trim, v_misc_22, vaults_dpeg_doors,
          v_misc_14, vaults_dpeg_emergency_exit,
          nicolae_vaults_ring_of_whatevers, ontoclasm_vaults_chip,
          vaults_standard_mumra_lines, hangedman_vaults_hat,
          ontoclasm_vaults_claustrophobia, hangedman_vaults_corner,
          vaults_dpeg_spiral, hangedman_vaults_trim, layout_vaults_maze_bifur,
          serial_shops, nicolae_shop_behind_doors, uniq_xtahua, uniq_margery,
          uniq_zenata
Vaults:3: grunt_vaults_trifunnel, v_misc_10, v_misc_27,
          nicolae_vaults_halls_meeting, nicolae_vaults_angled_halls, v_misc_17,
          nicolae_vaults_big_ls, v_alt_pattern_1, vaults_dpeg_ring,
          vaults_mumra_minichess, v_pattern_4, layout_vaults_ring, uniq_jory
Vaults:4: ontoclasm_vaults_ligature, nicolae_vaults_gold_heap, v_misc_3,
          special_room_vaults [special_room_orc], v_misc_22, v_misc_16,
          v_misc_11, nicolae_vaults_border_crossing, v_pattern_3, v_misc_14,
          grunt_vaults_funnel, nicolae_vaults_network_quincunx
          [nicolae_vaults_network_quincunx_subvault,
          nicolae_vaults_network_quincunx_subvault,
          nicolae_vaults_network_quincunx_subvault,
          nicolae_vaults_network_quincunx_subvault,
          nicolae_vaults_network_quincunx_subvault], vaults_mumra_chevron,
          layout_vaults_omnicross, serial_shops, shop
Depths:1: layout_cross, enter_ziggurat_c, abyss_entry, serial_shops, shop,
          fedhas_altar_2, pf_coc_iceberg, item_on_display_a
Depths:2: cell_vault, layout_cave_pools, pan_entry, grunt_hell_entry_dis_old,
          hangedman_abyss_or_decor_slice, gammafunk_ghost_wrathful_warriors,
          tso_metal_star, firewood_loft, uniq_mara
Depths:3: minmay_bad_star, layout_gridville, pan_entry,
          serial_sigils_hangedman_gut, hangedman_abyss_entry_splay,
          lightli_too_deep, drop_trap, serial_bayou_shore_b,
          infiniplex_staircase_zigzag_3
Depths:4: evilmike_zot_entry_hall, layout_cave_pools,
          nicolae_ru_sacrificial_ziggurat, minmay_room_of_horrors,
          pf_hell_entry_great_geh, rand_demon_pan_entry_3,
          nicolae_uskayaw_murder_on_the_dancefloor
Zot:1:    kennysheep_spiral_hall, layout_cellular_growth, st_stairs_10
Zot:2:    layout_basic, st_small_dragon_hoard_2
Zot:3:    layout_concentric_octagons, basic_altar, lemuel_elevator
Zot:4:    layout_cathedral_of_symmetry, st_stairs_3, grunt_megastairs_3,
          uniq_parghit
Zot:5:    layout_cellular_growth

Skill      XL: |  1  2  3  4  5  6  7  8  9 10 11 12 13 14 15 16 17 18 19 20 21 22 23 24 25 |
---------------+----------------------------------------------------------------------------+-----
Conjurations   | 1 2 |  2.1
Summonings     | 1 2 3 4 5 |  5.8
Fighting       | 1 2 3 4 5 6 8 10 11 12 13 | 13.9
Hexes          | 1 2 4 5 6 7 12 15 16 17 19 | 19.6
Air Magic      | 1 3 8 13 17 19 | 19.4
Poison Magic   | 1 3 4 |  4.0
Evocations     | 2 4 5 7 8 10 11 14 17 19 23 27 | 27.0
Ice Magic      | 1 |  1.0
Transmutations | 4 7 8 10 11 | 11.5
Short Blades   | 2 3 4 5 6 |  6.3
Spellcasting   | 5 6 7 8 11 12 13 15 17 18 19 | 19.4
Earth Magic    | 3 4 5 6 |  6.3
Stealth        | 4 7 9 10 12 13 14 15 17 18 20 | 20.2
Dodging        | 4 5 6 7 9 11 13 16 17 19 20 21 | 21.4
Translocations | 5 7 8 |  8.8
Shields        | 4 5 6 |  6.7
Armour         | 2 3 4 |  4.0

Action                     |  1- 3 |  4- 6 |  7- 9 | 10-12 | 13-15 | 16-18 | 19-21 | 22-24 | 25-27 || total
---------------------------+-------+-------+-------+-------+-------+-------+-------+-------+-------++-------
  Melee: Short sword       |     2 |       |       |       |       |       |       |       |       ||     2
         Dagger            |       |    29 |   165 |   420 |   825 |   470 |   633 |   705 |    49 ||  3296
         Punch             |       |       |     1 |     5 |       |       |       |       |       ||     6
   Fire: Sling             |       |     5 |       |       |       |       |       |       |       ||     5
  Throw: Dart              |     1 |     1 |    16 |    17 |       |       |     4 |     4 |     1 ||    44
         Throwing net      |       |       |       |       |       |       |       |     2 |     1 ||     3
   Cast: Magic Dart        |    88 |    95 |    85 |    32 |       |       |       |       |       ||   300
         Call Imp          |     3 |    19 |    37 |     5 |       |       |       |       |       ||    64
         Tukima's Dance    |       |    11 |    26 |    18 |       |       |       |       |       ||    55
         Mephitic Cloud    |       |       |     8 |    39 |    55 |     2 |       |       |       ||   104
         Ensorcelled Hiber |       |       |    14 |    47 |    50 |       |       |       |       ||   111
         Petrify           |       |       |    17 |    53 |    76 |    55 |       |       |       ||   201
         Passwall          |       |       |     5 |    11 |    16 |    22 |     2 |    31 |     2 ||    89
         Confusing Touch   |       |       |       |     1 |    24 |    26 |    35 |    14 |       ||   100
         Summon Forest     |       |       |       |     3 |    22 |     5 |    10 |     7 |     1 ||    48
         Summon Mana Viper |       |       |       |       |    34 |    37 |    63 |    36 |     1 ||   171
         Yara's Violent Un |       |       |       |       |    14 |    61 |    71 |    53 |     5 ||   204
         Enfeeble          |       |       |       |       |    24 |    62 |   126 |   155 |    26 ||   393
         Discord           |       |       |       |       |     8 |    81 |    86 |    89 |    15 ||   279
         Statue Form       |       |       |       |       |       |     4 |     4 |       |       ||     8
         Irradiate         |       |       |       |       |       |     6 |    34 |    34 |       ||    74
         Fulminant Prism   |       |       |       |       |       |       |     6 |     8 |       ||    14
         Iskenderun's Myst |       |       |       |       |       |       |     1 |    25 |       ||    26
         Maxwell's Capacit |       |       |       |       |       |       |       |    22 |     7 ||    29
         Storm Form        |       |       |       |       |       |       |       |     1 |       ||     1
         Lee's Rapid Decon |       |       |       |       |       |       |       |       |     4 ||     4
 Invoke: Curse Item        |       |       |     2 |     5 |     2 |     2 |       |     6 |       ||    17
         Shatter the Chain |       |       |       |       |     2 |     1 |     1 |     5 |       ||     9
Ability: End Transformatio |       |       |       |       |       |     2 |     3 |     1 |       ||     6
  Evoke: Wand              |       |       |    23 |     1 |     2 |    31 |    23 |    22 |     3 ||   105
         Tin of tremorston |       |       |       |       |     3 |     3 |     2 |     2 |       ||    10
         Box of beasts     |       |       |       |       |     1 |       |     2 |     1 |     1 ||     5
         Condenser vane    |       |       |       |       |       |       |     1 |     2 |       ||     3
         Phantom mirror    |       |       |       |       |       |       |     1 |       |       ||     1
    Use: Scroll            |     2 |     2 |    13 |     2 |    10 |     6 |     4 |    11 |     1 ||    51
         Potion            |       |       |     1 |       |     1 |     6 |     5 |     8 |     6 ||    27
   Stab: Sleeping          |       |     3 |    20 |    47 |    72 |    34 |    39 |    45 |       ||   260
         Confused          |       |       |     5 |    34 |    61 |    25 |    33 |     9 |       ||   167
         Petrified         |       |       |    14 |    39 |    50 |    32 |       |       |       ||   135
         Petrifying        |       |       |       |    11 |     7 |     8 |       |       |       ||    26
         Distracted        |       |       |       |     1 |     4 |     6 |     9 |     5 |       ||    25
         Paralysed         |       |       |       |     1 |       |     1 |     5 |     5 |       ||    12
         Invisible         |       |       |       |       |    23 |    53 |    85 |   134 |    12 ||   307
 Armour: Robe              |     3 |     4 |    26 |    34 |    90 |    20 |    47 |    37 |       ||   261
         Skin              |       |       |     1 |       |       |    16 |    18 |       |       ||    35
         Troll leather arm |       |       |       |       |       |       |       |    26 |     3 ||    29
  Dodge: Dodged            |     7 |    47 |   132 |   147 |   400 |   323 |   434 |   483 |    30 ||  2003
  Block: Buckler           |       |       |       |     9 |   143 |    74 |   110 |   144 |    14 ||   494

Table legend: (Time is in decaauts)
 A = Elapsed time spent in this place.
 B = Non-inter-level travel time spent in this place.
 C = Inter-level travel time spent in this place.
 D = Time resting spent in this place.
 E = Time spent auto-exploring this place.
 F = Levels seen in this place.
 G = Mean time per level.
                   A        B        C        D        E       F      G
               +--------+--------+--------+--------+--------+-----+--------+
         Total |  64160 |  59802 |   4358 |  16244 |  26926 |  53 | 1210.6 |
       Dungeon |  19277 |  17176 |   2101 |   4926 |   6965 |  15 | 1285.1 |
        Temple |    151 |    138 |     13 |      0 |    128 |   1 |  151.0 |
          Lair |   6395 |   5888 |    507 |    730 |   3435 |   5 | 1279.0 |
        Shoals |   5801 |   5660 |    141 |   1347 |   3149 |   4 | 1450.2 |
     Snake Pit |   5596 |   5327 |    269 |   1438 |   2562 |   4 | 1399.0 |
    Slime Pits |   2158 |   2116 |     42 |   1453 |      0 |   5 |  431.6 |
  Orcish Mines |   1704 |   1474 |    230 |    152 |    865 |   2 |  852.0 |
   Elven Halls |   6365 |   6177 |    188 |   2775 |   2037 |   3 | 2121.7 |
        Vaults |   7527 |   7211 |    316 |   1288 |   4711 |   4 | 1881.8 |
        Depths |   4064 |   3662 |    402 |    913 |   1344 |   4 | 1016.0 |
           Zot |   5090 |   4946 |    144 |   1219 |   1726 |   5 | 1018.0 |
        Bazaar |     28 |     28 |      0 |      0 |      0 |   1 |   28.0 |
               +--------+--------+--------+--------+--------+-----+--------+

Top non-repeatable levels by time:
   Elf:3: 3201 daAuts
Vaults:3: 2204 daAuts
  Lair:5: 2175 daAuts
Vaults:2: 2049 daAuts
    D:14: 1944 daAuts
     D:2: 1862 daAuts
Shoals:4: 1844 daAuts
 Snake:4: 1829 daAuts
Vaults:1: 1655 daAuts
Depths:2: 1647 daAuts
   Elf:2: 1624 daAuts
Vaults:4: 1617 daAuts
     D:8: 1616 daAuts
    D:15: 1561 daAuts
   Elf:1: 1539 daAuts
